 Dungeon Crawl Stone Soup version 0.16.2-12-gd0ad4c3 (webtiles) character file.

35 faibistes the Magician (level 3, -5/19 HPs)
             Began as a Deep Elf Wizard on Mar 18, 2019.
             Slain by a gnoll
             ... wielding a +0 whip
              (11 damage)
             ... on level 3 of the Dungeon.
             The game lasted 00:03:06 (1556 turns).

faibistes the Magician (Deep Elf Wizard)            Turns: 1556, Time: 00:03:07

Health: -5/19      AC:  2    Str:  4    XL:     3   Next: 17%
Magic:  2/14       EV:  7    Int: 23    God:
Gold:   48         SH:  0    Dex: 13    Spells: 5 memorised, 1 level left

rFire  . . .     SeeInvis .     h - +0 short sword
rCold  . . .     Clarity  .     a - +0 robe
rNeg   . . .     SustAb   .     (no shield)
rPois  .         Gourm    .     b - +0 hat
rElec  .         Spirit   .     (no cloak)
rCorr  .         Warding  .     (no gloves)
rMut   .         Stasis   .     (no boots)
MR     .....                    (no amulet)
Stlth  ++........               (no ring)
                                (no ring)

@: very slightly contaminated, held, not resistant to hostile enchantments,
unstealthy
A: no striking features
a: no special abilities


You were on level 3 of the Dungeon.
You were not hungry.

You visited 1 branch of the dungeon, and saw 4 of its levels.

You collected 48 gold pieces.

Inventory:

Hand weapons
 h - a +0 short sword (weapon)
Armour
 a - a +0 robe (worn)
 b - a +0 hat (worn)
Scrolls
 f - a scroll of remove curse
 k - a scroll of noise {unknown}
 n - a scroll of teleportation {unknown}
 o - a scroll of fog {unknown}
Potions
 e - a potion of magic {unknown}
 g - a potion of curing {unknown}
 j - a potion of mutation {unknown}
 l - a potion of lignification {unknown}
Books
 c - a book of Minor Magic

   Spells                             Type                      Level
   a - Magic Dart                     Conjuration                  1
   b - Blink                          Translocation                2
   c - Call Imp                       Summoning                    2
   d - Repel Missiles                 Charms/Air                   2
   e - Slow                           Hexes                        2
   f - Conjure Flame                  Conjuration/Fire             3
   g - Mephitic Cloud                 Conjuration/Poison/Air       3
Comestibles
 d - 3 bread rations
 i - a meat ration
 m - 3 chunks of flesh


   Skills:
 + Level 2.8 Dodging
 - Level 2.4 Stealth
 * Level 5.2 Spellcasting
 * Level 2.1 Conjurations
 - Level 1.1 Summonings
 - Level 1.1 Translocations


You had one spell level left.
You knew the following spells:

 Your Spells              Type           Power        Failure   Level  Hunger
a - Magic Dart            Conj           ###.         4%          1    None
b - Conjure Flame         Conj/Fire      ##......     21%         3    ##.....
c - Call Imp              Summ           ##......     12%         2    None
d - Blink                 Tloc           N/A          12%         2    None
e - Mephitic Cloud        Conj/Pois/Air  #.......     21%         3    ##.....


Dungeon Overview and Level Annotations

Branches:
Dungeon (4/15)
 Temple: D:4-7

Altars:


Message History

Confirm with . or Enter, or press ? or * to list all spells.
Aiming: Mephitic Cloud
Press: ? - help, Shift-Dir - straight line, f - gnoll, p - gnoll
Aim: a gnoll, wielding a halberd You miscast Mephitic Cloud.
You are very lightly contaminated with residual magic.
Strange energies run through your body.
Your crimson imp blinks!
Unknown command.
You struggle against the net.
The gnoll hits you but does no damage.
A jelly comes into view.
You try to slip out of the net.
The gnoll hits you from afar with a halberd!
You try to slip out of the net.
The gnoll barely misses you. The gnoll hits you with a whip.
You struggle against the net.
The gnoll hits you but does no damage.
Your crimson imp barely misses the gnoll.
The gnoll barely misses you. The gnoll hits you with a whip!
Ouch! That really hurt!
You die...

###...
.....#.
#..#.#.#
####..5.g.##
#...?..5...#
#..........#
#............
#..^@gg....#
#....g.J...#
#..........#
#..........#
#..........#
#######....
.## .#


You could see a jelly, 4 gnolls, a friendly iron imp and a friendly crimson imp.

Vanquished Creatures
  An adder (D:2)
  A giant gecko (D:2)
  A giant cockroach (D:2)
  A goblin (D:1)
  A hobgoblin (D:2)
  7 kobolds
  2 ball pythons (D:2)
  3 bats
  2 giant newts (D:2)
  3 rats
22 creatures vanquished.

Vanquished Creatures (collateral kills)
  A worm (D:3)
1 creature vanquished.

Vanquished Creatures (others)
  A shadow imp (D:3)
  A bat (D:2)
2 creatures vanquished.

Grand Total: 25 creatures vanquished

Notes
Turn   | Place    | Note
--------------------------------------------------------------
     0 | D:1      | faibistes, the Deep Elf Wizard, began the quest for the Orb.
     0 | D:1      | Reached XP level 1. HP: 10/10 MP: 6/6
   485 | D:2      | Reached XP level 2. HP: 15/15 MP: 5/10
   502 | D:1      | Learned a level 2 spell: Blink
   505 | D:1      | Learned a level 2 spell: Call Imp
  1082 | D:2      | Reached skill level 5 in Spellcasting
  1335 | D:2      | Reached XP level 3. HP: 19/19 MP: 6/14
  1340 | D:2      | Learned a level 3 spell: Conjure Flame
  1344 | D:2      | Learned a level 3 spell: Mephitic Cloud
  1556 | D:3      | Slain by a gnoll

Action                   || total
-------------------------++-------
Melee: Unarmed           ||     2
       Short sword       ||     1
 Cast: Magic Dart        ||    54
       Call Imp          ||     4
       Mephitic Cloud    ||     1
  Use: Scroll            ||     1
 Stab: Sleeping          ||     1
  Eat: Chunk             ||     2
